 Dungeon Crawl Stone Soup version 0.30.0-11-gf55b779eaf (webtiles) character file.

Game seed: 15782732282598605968

1680 olmar the Protected (level 8, -5/71 HPs)
             Began as an Armataur Fighter on May 16, 2023.
             Slain by an orc
             ... wielding a +0 flail
              (8 damage)
             ... on level 6 of the Dungeon.
             The game lasted 00:07:11 (5573 turns).

olmar the Protected (Armataur Fighter)              Turns: 5573, Time: 00:07:11

Health: -5/71      AC:  9    Str: 23    XL:     8   Next: 71%
Magic:  8/8        EV:  8    Int:  8    God:
Gold:   312        SH:  5    Dex: 11    Spells: 7/7 levels left

rFire   . . .        a - +0 flail
rCold   . . .        c - +0 buckler
rNeg    + . .        b - +0 scale mail
rPois   .            y - +0 helmet
rElec   .            (no cloak)
rCorr   .            (no gloves)
SInv    .            (no barding)
Will    .....        (no amulet) Stlth
                     e - ring of positive energy
HPRegen 0.31/turn    (no ring)
MPRegen 0.11/turn

%: roll
@: mighty
A: large, rugged brown scales 3, deformed body, armoured tail, roll, long
tongue, awkward tongue
a: no special abilities


You were on level 6 of the Dungeon.
You visited 1 branch of the dungeon, and saw 6 of its levels.
You also visited: Ossuary.

You collected 312 gold pieces.

Inventory:

Hand Weapons
 a - a +0 flail (weapon)
Missiles
 k - 2 curare-tipped darts (quivered)
Armour
 b - a +0 scale mail (worn)
 c - a +0 buckler (worn)
 y - a +0 helmet (worn)
Jewellery
 e - a ring of positive energy (left hand)
 h - a ring of flight
 l - a ring of ice
Wands
 x - a wand of polymorph (4)
Scrolls
 g - a scroll of fog
 i - 2 scrolls of amnesia
 j - a scroll of poison
 o - 2 scrolls of teleportation {unknown}
 r - a scroll of noise {unknown}
 s - a scroll of enchant armour {unknown}
 w - 2 scrolls of silence {unknown}
Potions
 f - 3 potions of brilliance
 n - 4 potions of degeneration
 p - a potion of magic {unknown}
 q - a potion of haste {unknown}
 t - a potion of cancellation
 u - a potion of ambrosia {unknown}
 v - 2 potions of mutation {unknown}


   Skills:
 + Level 4.6 Fighting
 + Level 6.5 Maces & Flails
 + Level 0.9 Throwing
 + Level 8.0 Armour
 + Level 1.7 Dodging
 + Level 2.1 Stealth
 + Level 4.5 Shields
 + Level 0.2 Evocations


You had 7 spell levels left.
You didn't know any spells.
Your spell library contained the following spells:

 Spells                   Type           Power      Damage    Failure   Level
 Poisonous Vapours        Pois/Air       0%         N/A       87%         2
 Mephitic Cloud           Conj/Pois/Air  0%         N/A       98%         3
 Alistair's Intoxication  Tmut/Pois      0%         N/A       100%        5
 Blade Hands              Tmut           0%         N/A       100%        5
 Borgnjor's Vile Clutch   Necr/Erth      0%         N/A       100%        5
 Freezing Cloud           Conj/Ice/Air   0%         6-21      100%        5
 Irradiate                Conj/Tmut      0%         3d11      100%        5
 Eringya's Noxious Bog    Tmut/Pois      0%         N/A       100%        6
 Dragon Form              Tmut           0%         N/A       100%        7


Dungeon Overview and Level Annotations

Branches:
Dungeon (6/15)            Ossuary (visited)
 Temple: D:4-7

Altars:
Ashenzari
Cheibriados
Kikubaaqudgha
Okawaru
Yredelemnul

Shops:
D:6 (=*[


Innate Abilities, Weirdness & Mutations

You are completely covered in rugged brown scales. (AC +3, +7% HP)
Armour fits poorly on your strangely shaped body.
You have a long armoured tail.
You roll when moving toward enemies. (Rampage)
Your long tongue fully drains potion bottles. (2x potion effects)
Your tongue gives you trouble enunciating. (1.5x scroll delay)


Message History

* * * LOW HITPOINT WARNING * * *
Unknown command.
Unknown command.
The orc attacks as you move away! The orc hits you with a +0 short sword.
* * * LOW HITPOINT WARNING * * *
Found a dagger.
The orc shouts!
Items here: )) [[.
Unknown command.
Okay, then.
Okay, then.
Okay, then.
You bludgeon the orc!!
You kill the orc!
Unknown command.
You roll towards the orc!
You barely miss the orc. You block the orc's attack.
The orc hits you with a +0 flail.
* * * LOW HITPOINT WARNING * * *
Unknown command.
Unknown command.
You closely miss the orc. The orc hits you but does no damage.
The orc barely misses you.
Unknown command.
Unknown command.
You barely miss the orc. The orc hits you but does no damage.
You block the orc's attack. The orc closely misses you.
The orc hits you but does no damage.
Unknown command.
Unknown command.
You hit the orc.
The orc is severely wounded.
The orc closely misses you. You block the orc's attack.
Unknown command.
Unknown command.
You barely miss the orc.
The orc is severely wounded.
The orc hits you with a +0 dagger.
* * * LOW HITPOINT WARNING * * *
The orc hits you with a +0 flail!
You die...

..# #..........#..# ###
#.#.######.#..# # #.#.#
##.....# #.#.# #......#
######.#.####....#.#####.##
..................#)o.o...#
.........##.#.#..#)###o....
######...##.#.#o)#.###...o.
# #..........@o...... .
#..###.....######.)
#.)####...........
#.......#..#######
##.........## #####.#....##
#.#.....#####.#
#.##...........
###.###.#######.#


You could see 2 orcs.

Vanquished Creatures
  A basilisk (D:4)
  An orc warrior (D:6)
  3 ice beasts
  An ogre (D:5)
  5 water moccasin zombies (Ossuary)
  2 scorpions
  5 hounds
  A jelly (D:6)
  2 orc priests (D:6)
  An iguana (D:5)
  7 orc wizards
  2 mummies (Ossuary)
  Robin (D:4)
  A gnoll (D:1)
  5 adders
  2 shadow imps (D:6)
  2 adder zombies (Ossuary)
  3 dart slugs
  11 orcs
  5 bats
  6 endoplasms
  3 giant cockroaches
  12 goblins
  11 hobgoblins
  17 jackals
  6 kobolds
  8 quokkas
  7 ball pythons
  A frilled lizard (D:1)
  2 gnoll zombies (Ossuary)
  10 hobgoblin zombies (Ossuary)
  6 kobold zombies (Ossuary)
  7 orc zombies (Ossuary)
  7 rats
164 creatures vanquished.

Notes
Turn   | Place    | Note
-------+----------+-------------------------------------------
     0 | D:1      | olmar the Armataur Fighter began the quest for the Orb.
     0 | D:1      | Reached XP level 1. HP: 19/19 MP: 1/1
    97 | D:1      | Reached XP level 2. HP: 7/26 MP: 2/2
   253 | D:1      | Reached skill level 4 in Armour
   429 | D:1      | Reached XP level 3. HP: 33/33 MP: 3/3
   907 | D:2      | Found an iron altar of Okawaru.
  1036 | D:2      | Reached XP level 4. HP: 40/40 MP: 4/4
  1050 | D:2      | Found a faded altar of an unknown god.
  1615 | D:3      | Found a faded altar of an unknown god.
  1617 | D:3      | Found a basalt altar of Yredelemnul.
  1721 | D:3      | Found a broken altar of Ashenzari.
  1868 | D:3      | Found an ancient bone altar of Kikubaaqudgha.
  2260 | D:4      | Found a sand-covered staircase.
  2275 | D:4      | Noticed a scorpion
  2281 | D:4      | Killed a scorpion
  2282 | D:4      | Reached XP level 5. HP: 30/48 MP: 5/5
  2343 | Ossuary  | Entered an ossuary
  2480 | Ossuary  | Reached skill level 5 in Armour
  2480 | Ossuary  | Reached XP level 6. HP: 49/54 MP: 6/6
  2726 | Ossuary  | Reached skill level 5 in Maces & Flails
  2770 | D:4      | Reached XP level 7. HP: 58/62 MP: 7/7
  2799 | D:4      | Found a snail-covered altar of Cheibriados.
  2890 | D:4      | Noticed Robin
  2922 | D:4      | Killed Robin
  3118 | D:4      | a black bear changed into a basilisk
  3118 | D:4      | Noticed a basilisk
  3140 | D:4      | Killed a basilisk
  3141 | D:4      | Reached skill level 6 in Armour
  3141 | D:4      | Reached skill level 1 in Dodging
  3761 | D:5      | Entered Level 5 of the Dungeon
  4002 | D:5      | Reached skill level 1 in Stealth
  4297 | D:5      | Reached XP level 8. HP: 37/70 MP: 8/8
  4468 | D:5      | Reached skill level 7 in Armour
  5420 | D:6      | Found Lyolekae's Jewellery Shop.
  5422 | D:6      | Found Hugemuh's Antique Armour Shop.
  5423 | D:6      | Found Ebotekhi's Antique Weapon Shop.
  5498 | D:6      | Found Ysuelota's Assorted Antiques.
  5560 | D:6      | Reached skill level 8 in Armour
  5573 | D:6      | HP: 3/71 [orc/+0 dagger (2)]
  5573 | D:6      | Slain by an orc

Illustrated notes

Levels and vault maps discovered:
D:1:      dpeg_arrival_court, layout_rooms, minmay_misc_feat_more_columns,
          minmay_crystal_water, grunt_decor_cap, serial_bayou_pond_a
D:2:      cheibrodos_helix_gallery, layout_basic,
          hellmonk_ecumenical_altar_blasted, basic_altar
D:3:      layout_basic, nicolae_overflow_ecumenical_swirl,
          kiku_gazebo_garden_becter, nicolae_ashenzari_skybound,
          chequers_big_river
D:4:      layout_gridville, mainiacjoe_overflow_concentric_impassable,
          nicolae_ossuary_entry_ruins, serial_forest,
          infiniplex_forest_straight_2, infiniplex_forest_straight_5,
          infiniplex_forest_straight_4, infiniplex_forest_end_3,
          infiniplex_forest_end_2, infiniplex_forest_clump_large, uniq_robin
D:5:      cheibrodos_quashed, layout_basic
D:6:      layout_loops_ring, minmay_shop_grid_forest

Skill      XL: |  1  2  3  4  5  6  7  8 |
---------------+-------------------------+-----
Armour         | 4 5 6 8 |  8.0
Fighting       | 3 4 |  4.6
Maces & Flails | 2 3 4 5 6 |  6.5
Shields        | 4 |  4.5
Dodging        | 1 |  1.7
Stealth        | 1 2 |  2.1
Throwing       | |  0.9
Evocations     | |  0.2

Action                     |  1- 3 |  4- 6 |  7- 9 || total
---------------------------+-------+-------+-------++-------
  Melee: Flail             |   143 |   208 |   262 ||   613
         Tailslap          |    12 |    24 |    25 ||    61
  Throw: Dart              |       |       |     5 ||     5
         Throwing net      |       |       |     4 ||     4
  Evoke: Wand              |       |       |     3 ||     3
    Use: Potion            |     1 |       |     6 ||     7
         Scroll            |       |     5 |     1 ||     6
   Stab: Held in net/web   |       |       |     4 ||     4
 Armour: Scale mail        |   100 |    86 |   163 ||   349
  Dodge: Dodged            |    69 |    55 |   119 ||   243
  Block: Buckler           |    39 |    38 |    55 ||   132
